 Dungeon Crawl Stone Soup version 0.21.1-1-g345015f (webtiles) character file.

770 tidbits the Insei (level 7, -3/53 HPs)
             Began as a Gnoll Transmuter on Mar 15, 2018.
             Slain by a mummy (16 damage)
             ... in an ossuary.
             The game lasted 00:07:38 (804 turns).

tidbits the Insei (Gnoll Transmuter)                 Turns: 804, Time: 00:07:39

Health: -3/53      AC:  3    Str: 12    XL:     7   Next: 83%
Magic:  12/15      EV: 15    Int: 17    God:
Gold:   176        SH:  0    Dex: 16    Spells: 11/17 levels left

rFire    . . .     SeeInvis .   a - +0 hand axe (elec)
rCold    . . .     Gourm    .   (no shield)
rNeg     . . .     Faith    .   B - +0 robe
rPois    .         Spirit   .   E - +0 helmet
rElec    .         Reflect  .   (no cloak)
rCorr    .         Harm     .   (no gloves)
MR       .....                  (no boots)
Stlth    ++........             (no amulet)
HPRegen  0.17/turn              (no ring)
MPRegen  0.14/turn              (no ring)

@: no status effects
A: distributed training, fangs 1, strong nose
a: no special abilities


You were in an ossuary.
You were hungry.

You visited 1 branch of the dungeon, and saw 5 of its levels.
You also visited: Ossuary.

You collected 176 gold pieces.

Inventory:

Hand Weapons
 a - a +0 hand axe of electrocution (weapon)
   (You took it off an orc on level 3 of the Dungeon)
 b - a +0 dagger
Missiles
 i - 27 arrows
 m - 34 stones (quivered)
 p - 3 tomahawks
Armour
 t - a cursed -1 scale mail
 v - a +0 ring mail
 B - a +0 robe (worn)
 E - a +0 helmet (worn)
Magical Staves
 o - an uncursed staff of poison
   (You found it on level 3 of the Dungeon)
Jewellery
 h - an uncursed ring of fire
   (You found it on level 1 of the Dungeon)
Wands
 s - a wand of disintegration (16)
Scrolls
 e - a scroll of magic mapping {unknown}
 j - a scroll of remove curse {unknown}
 k - a scroll of identify {unknown}
 u - a scroll of blinking {unknown}
Potions
 f - a potion of brilliance {unknown}
 g - a potion of flight {unknown}
 l - a potion of curing {unknown}
 n - a potion of lignification {unknown}
 r - 2 potions of agility {unknown}
Books
 d - a book of Changes

   Spells                             Type                      Level
   a - Beastly Appendage              Transmutation                1
   b - Sticks to Snakes               Transmutation                2
   c - Spider Form                    Transmutation/Poison         3
   d - Ice Form                       Ice/Transmutation            4
   e - Blade Hands                    Transmutation                5
Comestibles
 c - 6 rations


   Skills:
 + Level 3.7 Fighting
 + Level 2.6 Short Blades
 + Level 2.6 Long Blades
 + Level 2.6 Axes
 + Level 2.6 Maces & Flails
 + Level 2.6 Polearms
 + Level 2.6 Staves
 + Level 2.6 Slings
 + Level 2.6 Bows
 + Level 2.6 Crossbows
 + Level 2.6 Throwing
 + Level 2.6 Armour
 + Level 5.3 Dodging
 + Level 2.6 Stealth
 + Level 2.6 Shields
 + Level 7.1 Unarmed Combat
 + Level 5.7 Spellcasting
 + Level 2.1 Conjurations
 + Level 2.1 Hexes
 + Level 2.1 Charms
 + Level 2.1 Summonings
 + Level 2.1 Necromancy
 + Level 2.1 Translocations
 + Level 4.4 Transmutations
 + Level 2.1 Fire Magic
 + Level 2.1 Ice Magic
 + Level 2.1 Air Magic
 + Level 2.1 Earth Magic
 + Level 2.1 Poison Magic
 + Level 3.0 Invocations
 + Level 2.6 Evocations


You had 11 spell levels left.
You knew the following spells:

 Your Spells              Type           Power        Failure   Level  Hunger
e - Beastly Appendage     Tmut           ###...       2%          1    None
k - Sticks to Snakes      Tmut           ###.....     3%          2    #......
p - Spider Form           Tmut/Pois      ###.......   10%         3    ##.....


Dungeon Overview and Level Annotations

Branches:
Dungeon (5/15)
 Temple: D:4-7

Altars:
Makhleb
Xom

Annotations:
D:5 Menkaure


Innate Abilities, Weirdness & Mutations

Your experience applies equally to all skills.
You have very sharp teeth.
Your uncanny sense of smell can sniff out nearby items.


Message History

Your ball python constricts the gnoll zombie.
You hit the gnoll zombie.
Lightning courses through the gnoll zombie!
You destroy the gnoll zombie!
Throwing (i - inventory. (,) - cycle):
m - 35 stones (quivered)
Press: ? - help, Shift-Dir - straight line, f - mummy
Aim: a mummy You throw a stone.
The stone hits the mummy but does no damage.
Unknown command.
Your ball python bites the mummy but does no damage.
Your ball python grabs the mummy.
Your ball python constricts the mummy.
The orc zombie barely misses you. The mummy hits your ball python!
Your ball python dies!
Your ball python bites the mummy.
Your ball python constricts the mummy.
Unknown command.
You hit the mummy. Lightning courses through the mummy!
You claw the mummy, but do no damage.
The mummy is severely damaged.
You barely miss the orc zombie. The orc zombie hits you.
Your ball python bites the mummy but does no damage.
Your ball python constricts the mummy.
The mummy hits your ball python!
Your ball python dies!
You hit the mummy.
The mummy is almost destroyed.
You completely miss the orc zombie. You hit the gnoll zombie.
The orc zombie completely misses you. The mummy barely misses you.
The gnoll zombie hits you but does no damage.
You hit the mummy.
You destroy the mummy!
You barely miss the gnoll zombie. You barely miss the orc zombie.
The orc zombie misses you. The gnoll zombie closely misses you.
You hit the mummy. You claw the mummy, but do no damage.
The mummy is lightly damaged.
You hit the orc zombie. You barely miss the gnoll zombie.
You hit the hobgoblin zombie. The orc zombie barely misses you.
The hobgoblin zombie hits you but does no damage.
The mummy misses you.
You hit the mummy. You claw the mummy.
The mummy is moderately damaged.
You hit the orc zombie.
Lightning courses through the orc zombie!
You destroy the orc zombie!
You hit the mummy. You hit the hobgoblin zombie.
Your transformation is almost over.
The hobgoblin zombie misses you.
You completely miss the mummy. You claw the mummy. You bite the mummy.
The mummy is severely damaged.
You hit the hobgoblin zombie but do no damage.
Lightning courses through the hobgoblin zombie!
You destroy the hobgoblin zombie!
You barely miss the mummy. The mummy closely misses you.
You hit the mummy. Lightning courses through the mummy!
You destroy the mummy!
Your Invocations skill increases to level 3!
You barely miss the gnoll zombie. You hit the mummy but do no damage.
You barely miss the mummy.
The gnoll zombie hits you but does no damage.
The mummy closely misses you. The mummy barely misses you.
You hit the mummy.
The mummy is heavily damaged.
You hit the gnoll zombie. You barely miss the hobgoblin zombie.
You completely miss the mummy. The gnoll zombie hits you.
The hobgoblin zombie barely misses you. The mummy barely misses you.
The mummy closely misses you.
You hit the mummy but do no damage. You claw the mummy.
Your punch misses the mummy.
The mummy is heavily damaged.
You hit the mummy. You hit the hobgoblin zombie. You hit the gnoll zombie.
Lightning courses through the gnoll zombie!
You destroy the gnoll zombie!
The hobgoblin zombie closely misses you.
You hit the mummy but do no damage. You claw the mummy.
You bite the mummy, but do no damage.
The mummy is almost destroyed.
You hit the mummy. You hit the hobgoblin zombie. The mummy barely misses you.
The mummy hits you.
The hobgoblin zombie hits you but does no damage.
You barely miss the mummy. You claw the mummy. You bite the mummy.
The mummy is heavily damaged.
You hit the hobgoblin zombie. You hit the mummy but do no damage.
The mummy barely misses you. x2
You hit the mummy.
The mummy is heavily damaged.
You barely miss the mummy. You hit the hobgoblin zombie.
Lightning courses through the hobgoblin zombie!
You destroy the hobgoblin zombie!
The mummy hits you!
* * * LOW HITPOINT WARNING * * *
You barely miss the mummy. You bite the mummy, but do no damage.
The mummy is heavily damaged.
You hit the mummy. Lightning courses through the mummy!
You destroy the mummy!
Your talons disappear.
The mummy hits you.
* * * LOW HITPOINT WARNING * * *
You hit the mummy.
The mummy is severely damaged.
The mummy hits you!
You die...

... ##..## ....
....##....##....
................
...............
.............
#...(....#
#....M.# #..@(#
#....# #....# ∆
#....# ∆ #....#
∆∆ #....# ∆ ∆∆
#....# ∆∆ ∆
#....# ∆∆ ∆
#.∩∩.#


You could see a mummy.

Vanquished Creatures
  A two-headed ogre (D:3)
  An orc priest (D:3)
  3 mummies (Ossuary)
  5 gnolls (D:3)
  An adder (D:2)
  A worm (D:2)
  A leopard gecko (D:2)
  8 orcs (D:3)
  7 bats
  4 giant cockroaches
  3 gnoll zombies (Ossuary)
  2 goblins
  A hobgoblin (D:3)
  5 frilled lizards
  3 hobgoblin zombies (Ossuary)
  7 kobolds
  An orc zombie (Ossuary)
  5 rats
59 creatures vanquished.

Vanquished Creatures (collateral kills)
  A worm (D:2)
  A hobgoblin zombie (Ossuary)
2 creatures vanquished.

Grand Total: 61 creatures vanquished

Notes
Turn   | Place    | Note
-------+----------+-------------------------------------------
     0 | D:1      | tidbits the Gnoll Transmuter began the quest for the Orb.
     0 | D:1      | Reached XP level 1. HP: 17/17 MP: 6/6
    72 | D:2      | Reached XP level 2. HP: 18/23 MP: 7/7
    76 | D:2      | Learned a level 2 spell: Sticks to Snakes
   204 | D:2      | Reached XP level 3. HP: 21/28 MP: 7/9
   209 | D:2      | Learned a level 3 spell: Spider Form
   224 | D:2      | Reached skill level 5 in Spellcasting
   348 | D:2      | Found a shimmering altar of Xom.
   348 | D:2      | Found a shimmering altar of Xom.
   350 | D:2      | Found a shimmering altar of Xom.
   352 | D:2      | Found a shimmering altar of Xom.
   352 | D:2      | Found a shimmering altar of Xom.
   414 | D:3      | Reached skill level 1 in Invocations
   419 | D:3      | Reached skill level 1 in Short Blades
   419 | D:3      | Reached skill level 1 in Long Blades
   419 | D:3      | Reached skill level 1 in Axes
   419 | D:3      | Reached skill level 1 in Maces & Flails
   419 | D:3      | Reached skill level 1 in Polearms
   419 | D:3      | Reached skill level 1 in Staves
   419 | D:3      | Reached skill level 1 in Slings
   419 | D:3      | Reached skill level 1 in Bows
   419 | D:3      | Reached skill level 1 in Crossbows
   419 | D:3      | Reached skill level 1 in Throwing
   419 | D:3      | Reached skill level 1 in Armour
   419 | D:3      | Reached skill level 1 in Stealth
   419 | D:3      | Reached skill level 1 in Shields
   419 | D:3      | Reached skill level 1 in Evocations
   419 | D:3      | Reached XP level 4. HP: 17/34 MP: 4/11
   540 | D:5      | Entered Level 5 of the Dungeon
   540 | D:5      | Noticed Menkaure
   615 | D:3      | Reached skill level 1 in Conjurations
   615 | D:3      | Reached skill level 1 in Hexes
   615 | D:3      | Reached skill level 1 in Charms
   615 | D:3      | Reached skill level 1 in Summonings
   615 | D:3      | Reached skill level 1 in Necromancy
   615 | D:3      | Reached skill level 1 in Translocations
   615 | D:3      | Reached skill level 1 in Fire Magic
   615 | D:3      | Reached skill level 1 in Ice Magic
   615 | D:3      | Reached skill level 1 in Air Magic
   615 | D:3      | Reached skill level 1 in Earth Magic
   615 | D:3      | Reached skill level 1 in Poison Magic
   615 | D:3      | Reached XP level 5. HP: 20/40 MP: 4/12
   688 | D:3      | Noticed a two-headed ogre
   702 | D:3      | Killed a two-headed ogre
   702 | D:3      | Reached skill level 3 in Fighting
   702 | D:3      | Reached skill level 2 in Short Blades
   702 | D:3      | Reached skill level 2 in Long Blades
   702 | D:3      | Reached skill level 2 in Axes
   702 | D:3      | Reached skill level 2 in Maces & Flails
   702 | D:3      | Reached skill level 2 in Polearms
   702 | D:3      | Reached skill level 2 in Staves
   702 | D:3      | Reached skill level 2 in Slings
   702 | D:3      | Reached skill level 2 in Bows
   702 | D:3      | Reached skill level 2 in Crossbows
   702 | D:3      | Reached skill level 2 in Throwing
   702 | D:3      | Reached skill level 2 in Armour
   702 | D:3      | Reached skill level 5 in Dodging
   702 | D:3      | Reached skill level 2 in Stealth
   702 | D:3      | Reached skill level 2 in Shields
   702 | D:3      | Reached skill level 7 in Unarmed Combat
   702 | D:3      | Reached skill level 2 in Conjurations
   702 | D:3      | Reached skill level 2 in Hexes
   702 | D:3      | Reached skill level 2 in Charms
   702 | D:3      | Reached skill level 2 in Summonings
   702 | D:3      | Reached skill level 2 in Necromancy
   702 | D:3      | Reached skill level 2 in Translocations
   702 | D:3      | Reached skill level 4 in Transmutations
   702 | D:3      | Reached skill level 2 in Fire Magic
   702 | D:3      | Reached skill level 2 in Ice Magic
   702 | D:3      | Reached skill level 2 in Air Magic
   702 | D:3      | Reached skill level 2 in Earth Magic
   702 | D:3      | Reached skill level 2 in Poison Magic
   702 | D:3      | Reached skill level 2 in Invocations
   702 | D:3      | Reached skill level 2 in Evocations
   702 | D:3      | Reached XP level 6. HP: 20/48 MP: 2/14
   702 | D:3      | Reached XP level 7. HP: 22/53 MP: 2/15
   734 | D:3      | Found a burning altar of Makhleb.
   734 | D:3      | Noticed a balrug
   761 | D:5      | Found a sand-covered staircase.
   769 | Ossuary  | Entered an ossuary
   797 | Ossuary  | Reached skill level 3 in Invocations
   804 | Ossuary  | Slain by a mummy

Skill      XL: |  1  2  3  4  5  6  7 |
---------------+----------------------+-----
Spellcasting   | 5 |  5.7
Invocations    | 1 2 3 |  3.0
Short Blades   | 1 2 |  2.6
Long Blades    | 1 2 |  2.6
Axes           | 1 2 |  2.6
Maces & Flails | 1 2 |  2.6
Polearms       | 1 2 |  2.6
Staves         | 1 2 |  2.6
Slings         | 1 2 |  2.6
Bows           | 1 2 |  2.6
Crossbows      | 1 2 |  2.6
Throwing       | 1 2 |  2.6
Armour         | 1 2 |  2.6
Stealth        | 1 2 |  2.6
Shields        | 1 2 |  2.6
Evocations     | 1 2 |  2.6
Conjurations   | 1 2 |  2.1
Hexes          | 1 2 |  2.1
Charms         | 1 2 |  2.1
Summonings     | 1 2 |  2.1
Necromancy     | 1 2 |  2.1
Translocations | 1 2 |  2.1
Fire Magic     | 1 2 |  2.1
Ice Magic      | 1 2 |  2.1
Air Magic      | 1 2 |  2.1
Earth Magic    | 1 2 |  2.1
Poison Magic   | 1 2 |  2.1
Fighting       | 3 |  3.7
Dodging        | 5 |  5.3
Unarmed Combat | 7 |  7.1
Transmutations | 4 |  4.4

Action                   |  1- 3 |  4- 6 |  7- 9 || total
-------------------------+-------+-------+-------++-------
Melee: Unarmed           |    56 |    40 |     1 ||    97
       Kick              |     2 |     3 |     9 ||    14
       Bite              |     3 |     1 |     4 ||     8
       Punch             |     1 |       |     1 ||     2
       Headbutt          |     1 |       |       ||     1
       Hand axe          |       |     3 |    24 ||    27
       Dagger            |       |     1 |       ||     1
Throw: Stone             |       |       |     2 ||     2
 Cast: Beastly Appendage |     6 |     1 |     1 ||     8
       Spider Form       |     4 |     6 |       ||    10
       Sticks to Snakes  |     1 |     5 |     2 ||     8
 Stab: Sleeping          |     4 |       |       ||     4
Armor: Robe              |     3 |       |     4 ||     7
Dodge: Dodged            |    32 |    44 |    26 ||   102

Table legend:
 A = Turns spent in this place as a percentage of turns spent in the entire game.
 B = Non-inter-level travel turns spent in this place as a percentage of non-inter-level travel turns spent in the entire game.
 C = Inter-level travel turns spent in this place as a percentage of turns spent in this place.
 D = Turns resting spent in this place as a percentage of non-inter-level travel turns spent in this place.
 E = Turns spent auto-exploring this place as a percentage of non-inter-level travel turns spent in this place.
 F = Non-inter-level travel turns spent in this place divided by the number of levels of this place that you've seen.
                   A       B       C       D       E      F
               +-------+-------+-------+-------+-------+----------------------
         Total | 100.0 | 100.0 |   0.0 |   0.0 |   0.0 | 134.0
       Dungeon |  95.6 |  95.6 |   0.0 |   0.0 |   0.0 | 153.8
       Ossuary |   4.4 |   4.4 |   0.0 |   0.0 |   0.0 |  35.0
               +-------+-------+-------+-------+-------+----------------------

Table legend:
 A = Kills in this place as a percentage of kills in entire the game.
 B = Kills by you in this place as a percentage of kills by you in the entire game.
 C = Kills by friends in this place as a percentage of kills by friends in the entire game.
 D = Other kills in this place as a percentage of other kills in the entire game.
 E = Experience gained in this place as a percentage of experience gained in the entire game.
 F = Experience gained in this place divided by the number of levels of this place that you have seen.
                   A       B       C       D       E      F
               +-------+-------+-------+-------+-------+----------------------
         Total | 100.0 | 100.0 | 100.0 |   N/A | 100.0 | 183.5
       Dungeon |  82.0 |  83.1 |  50.0 |   N/A |  94.3 | 207.6
       Ossuary |  18.0 |  16.9 |  50.0 |   N/A |   5.7 |  63.0
               +-------+-------+-------+-------+-------+----------------------

Vault maps used:
D:1:      minmay_arrival_arboretum_small
D:2:      grunt_gozag_breadcrumbs, xom_redecorated, minmay_misc_feat_nine_boxes
D:3:      makhleb_altar_promises_db, overflow_temple_1_default, first_ration
D:4:      cheibriados_altar_1, yredelemnul_altar_generic, serial_shops,
          nicolae_shop_stone
D:5:      lemuel_ratsnest, grunt_temple_overflow_bloody_war,
          ashenzari_conservatory_becter, enter_ossuary_1, portal_sewer_entry_d,
          nicolae_zen_rock_garden, minivault_25, uniq_menkaure, uniq_edmund
Ossuary:  ossuary_tomb_3
